 Dungeon Crawl Stone Soup version 0.30-a0-711-gf4ac18a38d (webtiles) character file.

Game seed: 13115341814575639730

572 flotson the Sneak (level 7, 0/54 HPs)
             Began as a Demonspawn Delver on Jan 23, 2023.
             Slain by a lemure (7 damage)
             ... led by Pikel
             ... on level 4 of the Dungeon.
             The game lasted 00:07:07 (2621 turns).

flotson the Sneak (Demonspawn Delver)               Turns: 2621, Time: 00:07:08

Health: 0/54       AC: 11    Str: 15    XL:     7   Next: 12%
Magic:  0/7        EV: 13    Int: 11    God:
Gold:   171        SH:  0    Dex: 21    Spells: 6/6 levels left

rFire   . . .      SeeInvis .    a - +2 Maxwell's thermic engine {flame, freeze}
rCold   . . .      Faith    .    (no shield)
rNeg    . . .      Spirit   +    u - +5 leather armour of the Ten Wizarding Yaks {Dex+7}
rPois   .          Reflect  .    (helmet restricted)
rElec   .          Harm     .    (no cloak)
rCorr   +          Rampage  .    y - +0 pair of gloves
Will    .....                    (no boots)
Stlth   +++                      (no amulet)
HPRegen 0.29/turn                h - ring of resist corrosion
MPRegen 0.20/turn                (no ring)

@: no status effects
A: antennae 2, icy blue scales 1, magic shield, magic regeneration
a: no special abilities


You were on level 4 of the Dungeon.
You visited 1 branch of the dungeon, and saw 5 of its levels.

You collected 171 gold pieces.

Inventory:

Hand Weapons
 a - the +2 Maxwell's thermic engine (weapon) {flame, freeze}
   (You found it on level 3 of the Dungeon)

   It becomes more effective when it hits something.
   This effect fades over time.
 b - the +3 long sword of the End of Times {heavy, *Corrode Int+4 Dex+2}
   (You found it on level 3 of the Dungeon)

   Int:       It affects your intelligence (+4).
   Dex:       It affects your dexterity (+2).
   *Corrode:  It may corrode you when you take damage.
 n - the +7 hand axe of True Grit {freeze, Fly rN+}
   (You found it on level 3 of the Dungeon)

   rN:        It protects you from negative energy.
   Fly:       It grants you flight.
Missiles
 q - 3 boomerangs (quivered)
 v - 2 poisoned darts
Armour
 u - the +5 leather armour of the Ten Wizarding Yaks (worn) {Dex+7}
   (You found it on level 3 of the Dungeon)

   Dex:       It affects your dexterity (+7).
 y - a +0 pair of gloves (worn)
Jewellery
 h - a ring of resist corrosion (left hand)
Wands
 g - a wand of digging (3)
 x - a wand of flame (8)
Scrolls
 c - 2 scrolls of fog
 d - 2 scrolls of magic mapping
 e - a scroll of fear
 k - 3 scrolls of poison {unknown}
 o - a scroll of silence {unknown}
 p - 2 scrolls of enchant armour {unknown}
 r - a scroll of enchant weapon {unknown}
 s - a scroll of identify {unknown}
 t - a scroll of amnesia {unknown}
 w - a scroll of noise {unknown}
Potions
 f - a potion of haste
 i - 6 potions of curing {unknown}
 j - a potion of mutation {unknown}
 l - a potion of ambrosia {unknown}
 m - a potion of invisibility {unknown}


   Skills:
 + Level 4.2 Fighting
 + Level 2.2 Long Blades
 - Level 2.0 Axes
 + Level 2.0 Throwing
 + Level 2.3 Armour
 + Level 3.2 Dodging
 - Level 5.0 Stealth
 + Level 2.9 Evocations


You had 6 spell levels left.
You didn't know any spells.
Your spell library contained the following spells:

 Spells                   Type           Power      Damage    Failure   Level
 Apportation              Tloc           0%         N/A       41%         1
 Necrotise                Necr           0%         1d4       41%         1
 Summon Small Mammal      Summ           0%         N/A       41%         1
 Lesser Beckoning         Tloc           0%         N/A       54%         2
 Gell's Gravitas          Tloc           0%         N/A       78%         3
 Teleport Other           Tloc           0%         N/A       78%         3
 Iskenderun's Battlesphe  Conj           0%         2d6       100%        5
 Iron Shot                Conj/Erth      0%         9d1       100%        6
 Spellforged Servitor     Conj/Summ      0%         N/A       100%        7


Dungeon Overview and Level Annotations

Branches:
Dungeon (5/15)
 Temple: D:4-7

Altars:

Annotations:
D:4 Pikel


Innate Abilities, Weirdness & Mutations

You have a pair of antennae on your head.
You are partially covered in icy blue scales. (AC +2)
When hurt, damage is shared between your health and your magic reserves.
You regenerate magic rapidly.


Message History

No target in view!
You pick up a book of Displacement and begin reading...
You add the spells Lesser Beckoning, Gell's Gravitas and Teleport Other to your library.
Found a fizzy black potion.
Found a glowing hat.
You see here a +0 pair of gloves.
You start putting on your armour.
You continue putting on your +0 pair of gloves. x4
You finish putting on your +0 pair of gloves.
A lemure comes into view.
The lemure shouts!
You hear a shout!
Pikel and a lemure come into view.
Pikel is wielding a +0 whip of electrocution.
The lemure shouts!
You hear a shout!
Pikel shouts!
A lemure comes into view. x2
The lemure hits you.
The lemure shouts!
You slice the lemure!! You burn the lemure. You freeze the lemure.
You kill the lemure!
That felt strangely unrewarding.
Pikel hits you with a +0 whip of electrocution!
You are electrocuted!
You barely miss Pikel. The lemure hits you but does no damage.
The lemure misses you. Pikel completely misses you.
You hit Pikel. You burn Pikel. You freeze Pikel.
Pikel is lightly wounded.
Pikel hits you with a +0 whip of electrocution.
You are electrocuted!!
* * * LOW HITPOINT WARNING * * *
The lemure misses you. x2; The lemure hits you but does no damage.
Pikel hits you with a +0 whip of electrocution.
* * * LOW HITPOINT WARNING * * *
The lemure hits you but does no damage.
You are too injured to fight recklessly!
As you read the scroll of fear, it crumbles to dust.
You assume a fearsome visage.
Pikel looks frightened!
The lemure looks frightened! x2; The lemure resists with some effort.
Pikel begs, "Please don't kill me!"
The lemure attacks as you move away! The lemure hits you!
You die...

...###.......###...
....#....##.## ....
....#........# ...#
............... ..## ..
.............## ..5## ...
..............###K..##..#
#............###5.......#
)).#.#.......##.5........#
...###..........@...#...!.
.....#..........)..## ...
.....#..####.......###....
........###...#..#.......#
...[..........###.........
..............##..........
..................#.#.....
..................###.....
)).................# ....


You could see Pikel (fleeing) and 3 lemures.

Vanquished Creatures
  Menkaure (D:4)
  An ogre (D:3)
  A lemure (D:4)
  A gnoll sergeant (D:4)
  A necrophage (D:4)
  A gnoll bouda (D:4)
  An orc priest (D:3)
  8 gnolls (D:4)
  3 adders (D:4)
  A worm (D:3)
  4 dart slugs
  8 orcs
  6 bats
  4 endoplasms
  A giant cockroach (D:1)
  9 goblins
  7 hobgoblins
  3 quokkas
  7 ball pythons
  4 frilled lizards
  3 kobolds
  5 rats
80 creatures vanquished.

Notes
Turn   | Place    | Note
-------+----------+-------------------------------------------
     0 | D:5      | flotson the Demonspawn Delver began the quest for the Orb.
     0 | D:5      | Reached XP level 1. HP: 18/18 MP: 1/1
    60 | D:5      | Noticed a killer bee
    73 | D:4      | Gained mutation: You have a pair of small antennae on your
                  | head. [demonic ancestry]
    73 | D:4      | Reached XP level 2. HP: 16/24 MP: 2/2
   164 | D:3      | Found the +2 Maxwell's thermic engine {flame, freeze}
   166 | D:3      | Identified the +7 hand axe of True Grit {freeze, Fly rN+}
   184 | D:3      | Identified the +3 long sword of the End of Times {heavy,
                  | *Corrode Int+4 Dex+2}
   224 | D:2      | Found a faded altar of an unknown god.
   317 | D:1      | Gained mutation: You regenerate magic rapidly. [demonic
                  | ancestry]
   317 | D:1      | Reached XP level 3. HP: 25/29 MP: 3/3
   370 | D:1      | Reached skill level 1 in Evocations
   915 | D:1      | Reached skill level 1 in Armour
  1367 | D:3      | Gained mutation: You have a pair of antennae on your head.
                  | [demonic ancestry]
  1367 | D:3      | Reached XP level 4. HP: 35/35 MP: 4/4
  1613 | D:3      | Identified the +5 leather armour of the Ten Wizarding Yaks
                  | {Dex+7}
  1775 | D:4      | Noticed Menkaure
  1776 | D:4      | Noticed an ogre
  1951 | D:3      | Killed an ogre
  1952 | D:3      | Reached skill level 1 in Long Blades
  1952 | D:3      | Reached skill level 1 in Throwing
  1952 | D:3      | Reached skill level 5 in Stealth
  1952 | D:3      | Reached XP level 5. HP: 42/42 MP: 5/5
  2214 | D:4      | Killed Menkaure
  2215 | D:4      | Gained mutation: When hurt, damage is shared between your
                  | health and your magic reserves. [demonic ancestry]
  2215 | D:4      | Reached XP level 6. HP: 36/48 MP: 6/6
  2476 | D:4      | Gained mutation: You are partially covered in icy blue
                  | scales. (AC +2) [demonic ancestry]
  2476 | D:4      | Reached XP level 7. HP: 33/54 MP: 3/7
  2613 | D:4      | Noticed Pikel
  2621 | D:4      | Slain by a lemure

Illustrated notes

Levels and vault maps discovered:
D:1:      roderic_chinese_lattice_arrival, layout_loops_cross
D:2:      layout_rooms, basic_ecumenical_altar, basic_altar
D:3:      layout_rooms, minmay_distorted
D:4:      layout_cave_pools, uniq_menkaure, uniq_pikel
D:5:      layout_gridville, minmay_temple_entry_metal_lava, serial_shops,
          nicolae_shop_hallway_plus, serial_rivers,
          chequers_serial_rivers_small_b, chequers_serial_rivers_room_a,
          chequers_serial_rivers_micro_b, chequers_serial_rivers_room_b,
          chequers_serial_rivers_micro_d, uniq_prince_ribbit1,
          uniq_blork_the_orc

Skill      XL: |  1  2  3  4  5  6 |
---------------+-------------------+-----
Axes           | 2 |  2.0
Dodging        | 2 3 |  3.2
Evocations     | 1 2 |  2.9
Armour         | 1 2 |  2.3
Long Blades    | 1 2 |  2.2
Throwing       | 1 2 |  2.0
Stealth        | 5 |  5.0
Fighting       | 4 |  4.2

Action                     |  1- 3 |  4- 6 |  7- 9 || total
---------------------------+-------+-------+-------++-------
  Melee: Hand axe          |    24 |       |       ||    24
         Double sword      |    71 |    60 |    16 ||   147
         Punch             |     1 |     2 |       ||     3
         Long sword        |       |     3 |       ||     3
  Throw: Dart              |       |     2 |       ||     2
         Boomerang         |       |     4 |       ||     4
    Use: Scroll            |       |     2 |     1 ||     3
   Stab: Sleeping          |    16 |     2 |       ||    18
 Armour: Leather armour    |    14 |    15 |    12 ||    41
         Ring mail         |    11 |     9 |       ||    20
  Dodge: Dodged            |    58 |    45 |    18 ||   121

Table legend: (Time is in decaauts)
 A = Elapsed time spent in this place.
 B = Non-inter-level travel time spent in this place.
 C = Inter-level travel time spent in this place.
 D = Time resting spent in this place.
 E = Time spent auto-exploring this place.
 F = Levels seen in this place.
 G = Mean time per level.
                   A        B        C        D        E       F      G
               +--------+--------+--------+--------+--------+-----+--------+
         Total |   2701 |   2575 |    126 |    275 |   1536 |   5 |  540.2 |
       Dungeon |   2701 |   2575 |    126 |    275 |   1536 |   5 |  540.2 |
               +--------+--------+--------+--------+--------+-----+--------+

Top non-repeatable levels by time:
     D:3: 876 daAuts
     D:1: 718 daAuts
     D:4: 616 daAuts
     D:2: 422 daAuts
     D:5: 67 daAuts
